 Dungeon Crawl Stone Soup version bcrawl-1.24.2 (webtiles) character file.

Game seed: 2245063002402342669

37 Freyura the Skirmisher (level 3, -4/33 HPs)
             Began as a Minotaur Fighter on June 20, 2020.
             Slain by a hobgoblin
             ... wielding a +0 club
              (7 damage)
             ... on level 2 of the Dungeon.
             The game lasted 00:01:57 (1243 turns).

Freyura the Skirmisher (Minotaur Fighter)           Turns: 1243, Time: 00:01:58

Health: -4/33      AC:  7    Str: 25    XL:     3   Next: 21%
Magic:  2/2        EV:  6    Int:  5    God:
Gold:   7          SH: 10    Dex: 10    Spells: 2/2 levels left

rFire    . . .     SeeInvis .   a - +0 flail
rCold    . . .     Gourm    .   c - +0 medium shield
rNeg     . . .     Faith    .   b - +0 scale mail
rPois    .         Spirit   .   (helmet restricted)
rElec    .         Reflect  .   (no cloak)
rCorr    .         Harm     .   (no gloves)
MR       .....                  (no boots)
Stlth    ..........             (no amulet)
HPRegen  0.11/turn              (no ring)
MPRegen  0.08/turn              (no ring)

@: mighty
A: retaliatory headbutt, horns 2
a: no special abilities


You were on level 2 of the Dungeon.
You were not hungry.

You visited 1 branch of the dungeon, and saw 2 of its levels.

You collected 7 gold pieces.

Inventory:

Hand Weapons
 a - a +0 flail (weapon)
Armour
 b - a +0 scale mail (worn)
 c - a +0 medium shield (worn)
Scrolls
 f - a scroll of enchant weapon {unknown}
 h - 2 scrolls of remove curse {unknown}
 l - a scroll of identify {unknown}
Potions
 g - a potion of ambrosia {unknown}
 i - a potion of brilliance {unknown}
 j - a potion of agility {unknown}
Comestibles
 e - 3 rations {!d}
 k - a chunk of flesh


   Skills:
 * Level 4.2 Fighting
 * Level 3.2 Maces & Flails
 + Level 3.9 Armour
 + Level 0.7 Dodging
 + Level 3.8 Shields


You had 2 spell levels left.
You didn't know any spells.
Your spell library was empty.

Dungeon Overview and Level Annotations

Branches:
Dungeon (2/12)

Altars:

Annotations:
D:2 Robin


Innate Abilities, Weirdness & Mutations

You reflexively headbutt those who attack you in melee.
You have a pair of horns on your head.


Message History

* * * LOW HITPOINT WARNING * * *
Your shield and scale mail prevent you from hitting the goblin.
The goblin shouts!
You hear an angry hiss. x2
The goblin hits you but does no damage. You block the goblin's attack.
The rat bites you.
* * * LOW HITPOINT WARNING * * *
A goblin comes into view. It is wielding a +0 dagger.
The goblin hits you but does no damage. You block the hobgoblin's attack.
The hobgoblin hits you but does no damage.
The goblin hits you.
* * * LOW HITPOINT WARNING * * *
You closely miss the goblin.
The goblin shouts!
You headbutt the goblin.
You kill the goblin!
You hear a shout!
The goblin hits you but does no damage. You block the rat's attack.
The goblin hits you but does no damage. Robin barely misses you.
The hobgoblin barely misses you. The hobgoblin hits you with a +0 club!
You die...

#.......## #.##
#......... ....
........## ###..
........## ....
........'. #
#.#####.......## #%
###....###########
..###g#)#....'...)..[...
...gghg@g....###########
######grg.....##########
#..).....##........
#........##........
#........##........
......######......(.
#..$...# #........
.......# #........
#..(.....


You could see Robin, a jackal, 3 hobgoblins, 3 goblins and a rat.

Vanquished Creatures
  An ooze (D:2)
  A worm (D:2)
  A dart slug (D:1)
  A leopard gecko (D:2)
  A bat (D:1)
  6 goblins
  2 hobgoblins (D:1)
  A jackal (D:1)
  10 kobolds (D:1)
  3 rats
27 creatures vanquished.

Notes
Turn   | Place    | Note
-------+----------+-------------------------------------------
     0 | D:1      | Freyura the Minotaur Fighter began the quest for the Orb.
     0 | D:1      | Reached XP level 1. HP: 19/19 MP: 0/0
   232 | D:1      | Reached XP level 2. HP: 27/27 MP: 1/1
   311 | D:1      | Reached skill level 4 in Fighting
  1102 | D:2      | Reached XP level 3. HP: 33/33 MP: 2/2
  1234 | D:2      | Noticed Robin
  1243 | D:2      | Slain by a hobgoblin

Skill      XL: |  1  2 |
---------------+-------+-----
Fighting       | 4 |  4.2
Maces & Flails | 3 |  3.2
Armour         | |  3.9
Dodging        | |  0.7
Shields        | |  3.8

Action                   || total
-------------------------++-------
Melee: Flail             ||    74
       Headbutt          ||     9
  Use: Potion            ||     1
  Eat: Chunk             ||     1
Armor: Scale mail        ||    53
Dodge: Dodged            ||    27
Block: Medium shield     ||    44
